 Dungeon Crawl Stone Soup version 0.29-a0-668-g12ee2bf84d (webtiles) character file.

Game seed: 12803749751757248911

400 skullybones the Conjurer (level 6, 0/36 HPs)
             Began as an Octopode Hedge Wizard on June 23, 2022.
             Slain by Terence
             ... wielding a +4 short sword of distortion
              (10 damage)
             ... on level 3 of the Dungeon.
             The game lasted 00:09:22 (4287 turns).

skullybones the Conjurer (Octopode Hedge Wizard)    Turns: 4287, Time: 00:09:23

Health: 0/36       AC:  2    Str: 10    XL:     6   Next: 84%
Magic:  1/13       EV: 13    Int: 18    God:
Gold:   152        SH:  0    Dex: 11    Spells: 10/15 levels left

rFire   . . .      SeeInvis .   a - +0 dagger
rCold   . . .      Faith    .   (no shield)
rNeg    . . .      Spirit   .   b - +1 hat
rPois   .          Reflect  .   (no amulet)
rElec   .          Harm     .   L - ring of flight
rCorr   .          Rampage  .   (no ring)
Will    .....                   (no ring)
Stlth   +++.......              (no ring)
HPRegen 0.12/turn               (no ring)
MPRegen 0.13/turn               (no ring)
                                (no ring)
                                (no ring)

@: flying
A: almost no armour, amphibious, 8 rings, camouflage 1, gelatinous body 1,
(nimble swimmer 1), tentacles
a: no special abilities


You were on level 3 of the Dungeon.
You visited 1 branch of the dungeon, and saw 3 of its levels.

You collected 180 gold pieces.
You spent 28 gold pieces at shops.


Innate Abilities, Weirdness & Mutations

You cannot wear most types of armour.
You are amphibious.
You can wear up to eight rings at the same time.
Your skin changes colour to match your surroundings (Stealth+).
Your rubbery body absorbs attacks. (AC +1, EV +1)
((You are camouflaged when in or above water. (Stealth+)))
You have tentacles for arms and can constrict up to eight enemies at once.


   Skills:
 - Level 2.0 Dodging
 - Level 2.6 Stealth
 - Level 5.0 Spellcasting
 + Level 5.2 Conjurations
 - Level 1.0 Summonings
 - Level 1.0 Translocations


You had 10 spell levels left.
You knew the following spells:

 Your Spells              Type           Power      Damage    Failure   Level
c - Call Imp              Summ           8%         N/A       13%         2
e - Ensorcelled Hibernat  Hex/Ice        8%         N/A       21%         2
m - Magic Dart            Conj           92%        1d7       1%          1

Your spell library contained the following spells:

 Spells                   Type           Power      Damage    Failure   Level
 Slow                     Hex            16%        N/A       13%         1
 Blink                    Tloc           16%        N/A       13%         2
 Conjure Flame            Conj/Fire      13%        6-21      14%         3
 Passwall                 Tmut/Erth      3%         N/A       21%         2
 Mephitic Cloud           Conj/Pois/Air  10%        N/A       21%         3
 Gell's Gravitas          Tloc           8%         N/A       26%         3
 Lesser Beckoning         Tloc           8%         N/A       26%         3
 Teleport Other           Tloc           8%         N/A       26%         3
 Swiftness                Air            4%         N/A       36%         3

Inventory:

Hand Weapons
 a - a +0 dagger (weapon)
 i - a +0 hunting sling
   (You found it on level 1 of the Dungeon)
Missiles
 g - 37 stones
 h - 6 poisoned darts
Armour
 b - a +1 hat (worn)
Jewellery
 L - a ring of flight (left tentacle)
   (You found it on level 2 of the Dungeon)
Scrolls
 e - a scroll of magic mapping {!r}
 j - a scroll of teleportation {@r4}
Potions
 c - a potion of magic
 d - a potion of lignification {unknown}
 k - a potion of mutation {unknown}
 l - a potion of flight {unknown}
 m - a potion of cancellation {unknown}

Dungeon Overview and Level Annotations

Branches:
Dungeon (3/15) Zot: 13710

Altars:
Ru
Vehumet

Shops:
D:2 ?

Annotations:
D:3 Terence

.....##.######... .?.
#)######.[. # #@##.......
#.##.).....
#################
#.##......#
................#
#.##......#
###.###########.##
#.##....).# #.#### #..#
#.......... #.)).#### ##@##
#.....##.## ####....# #@.#
#.......... #....#######.##
#.......... #.)..'.....#..#
#.......... #....#####.##.#
#.....###.. +.[.)...##.##.##
#.##### #.. #.....#....##..#
#.#######..
#.....)<######.###.##.......
###.##### #..##.#........


You could see Terence.


Message History

A ball python is nearby!
The magic dart hits the ball python.
The ball python hisses angrily. 😎 MP[-1]
You lost 1 mp, and now have 8/13 mp.
You can't see any susceptible monsters within range! (Use Z to cast anyway.)
You can't see any susceptible monsters within range! (Use Z to cast anyway.)
You can't see any susceptible monsters within range! (Use Z to cast anyway.)
You start resting.
A ball python is nearby! 😎 MP[+1]
The magic dart hits the ball python.
You kill the ball python! 😎 MP[-1]
You lost 1 mp, and now have 8/13 mp.
You can't see any susceptible monsters within range! (Use Z to cast anyway.)
You start resting.
Terence is nearby! 😎 MP[+1]
You start resting. 😎 MP[+4]
Your mp is fully restored (13).
You aren't carrying any items that you can evoke.
Casting: Magic Dart (safe; 1% risk of failure)
Confirm with . or Enter, or press ? or * to list all spells.
A beastly little devil appears in a puff of flame. 😎 MP[-2]
You lost 2 mp, and now have 11/13 mp.
The magic dart hits Terence.
Your crimson imp blinks! 😎 MP[-1]
You lost 1 mp, and now have 10/13 mp.
The magic dart hits Terence. 😎 MP[-1]
You lost 1 mp, and now have 9/13 mp.
Your crimson imp blinks!
Casting: Magic Dart (safe; 1% risk of failure)
Confirm with . or Enter, or press ? or * to list all spells.
A shadowy apparition takes form in the air. 😎 MP[-1]
You lost 1 mp, and now have 8/13 mp.
Terence hits your shadow imp with a +4 short sword of distortion!
Space warps around your shadow imp.
Your shadow imp dies!
Your shadow imp disappears in a puff of smoke!
The magic dart hits Terence but does no damage. 😎 MP[-1]
You lost 1 mp, and now have 7/13 mp.
The magic dart hits Terence. 😎 MP[-1]
You lost 1 mp, and now have 6/13 mp.
The magic dart hits Terence.
Terence shouts, "ATTACK!!!"
Terence barely misses you. 😎 MP[-1]
You lost 1 mp, and now have 5/13 mp.
The magic dart hits Terence but does no damage.
Terence hits you with a +4 short sword of distortion.
Space warps around you! 😮 HP[-9]
You take 9 damage, and now have 27/36 hp.
MASSIVE DAMAGE!! (PAUSE)
You are too injured to fight recklessly!
Unknown command.
Casting: Magic Dart (safe; 1% risk of failure)
Confirm with . or Enter, or press ? or * to list all spells.
Aiming: Ensorcelled Hibernation (safe; 21% risk of failure)
Press: ? - help, Shift-Dir - straight line, f/p - Terence
Aim: Terence, wielding a +4 short sword of distortion and wearing a +0 scale mail (heavily wounded, chance to affect: 46%) Terence looks drowsy... 😮 MP[-2]
You lost 2 mp, and now have 3/13 mp.
The helpless Terence fails to defend himself.
You hit Terence. Your grab misses Terence.
Terence hits you with a +4 short sword of distortion!
Space warps around you.
* * * LOW HITPOINT WARNING * * *
😨 HP[-10]
You take 10 damage, and now have 17/36 hp.
MASSIVE DAMAGE!! (PAUSE)
Casting: Ensorcelled Hibernation (safe; 21% risk of failure)
Confirm with . or Enter, or press ? or * to list all spells.
Aiming: Magic Dart (safe; 1% risk of failure)
Press: ? - help, Shift-Dir - straight line, f/p - Terence
Aim: Terence, wielding a +4 short sword of distortion and wearing a +0 scale mail (almost dead, 100% to hit)
The magic dart hits Terence but does no damage.
Terence hits you but does no damage. Space warps around you!
* * * LOW HITPOINT WARNING * * *
😨 HP[-7] MP[-1]
You take 7 damage, and now have 10/36 hp.
You lost 1 mp, and now have 2/13 mp.
Unknown command.
Casting: Magic Dart (safe; 1% risk of failure)
Confirm with . or Enter, or press ? or * to list all spells.
Aiming: Magic Dart (safe; 1% risk of failure)
Press: ? - help, Shift-Dir - straight line, f/p - Terence
Aim: Terence, wielding a +4 short sword of distortion and wearing a +0 scale mail (almost dead, 100% to hit)
The magic dart hits Terence.
Terence hits you with a +4 short sword of distortion!
You die...

Skill      XL: |  1  2  3  4  5  6 |
---------------+-------------------+-----
Conjurations   | 2 4 5 |  5.2
Spellcasting   | 4 5 |  5.0
Dodging        | |  2.0
Stealth        | |  2.6
Summonings     | |  1.0
Translocations | |  1.0

Action                   |  1- 3 |  4- 6 || total
-------------------------+-------+-------++-------
Melee: Dagger            |    45 |    11 ||    56
       Constrict         |     9 |     5 ||    14
       Tentacles         |     6 |     2 ||     8
       Punch             |     1 |       ||     1
 Cast: Magic Dart        |    79 |   101 ||   180
       Call Imp          |     1 |    25 ||    26
       Ensorcelled Hiber |       |     2 ||     2
  Use: Scroll            |       |     6 ||     6
 Stab: Sleeping          |       |     2 ||     2
Armor: Skin              |     4 |     7 ||    11
Dodge: Dodged            |    39 |    19 ||    58

Levels and vault maps discovered:
D:1:      nzn_arrival_settlement, layout_loops_ring,
          shapermc_ecumenical_altar_notcrosses, dreamdust_wishing_well
D:2:      layout_loops_ring, serial_shops, shop_fountains, uniq_sigmund
D:3:      layout_basic, chequers_temple_overflow_statue_of_worship,
          uniq_terence, uniq_robin, uniq_natasha

Notes
Turn   | Place    | Note
-------+----------+-------------------------------------------
     0 | D:1      | skullybones the Octopode Hedge Wizard began the quest for
                  | the Orb.
     0 | D:1      | Reached XP level 1. HP: 11/11 MP: 4/4
     0 | D:1      | magus.rc [v1.11.3]
   206 | D:1      | Reached XP level 2. HP: 9/17 MP: 1/6
   213 | D:1      | HP: 3/17 [jackal (3)]
   857 | D:1      | Reached XP level 3. HP: 21/21 MP: 2/8
  1485 | D:1      | Found a faded altar of an unknown god.
  1605 | D:2      | Reached skill level 2 in Conjurations
  1655 | D:2      | Reached skill level 4 in Spellcasting
  1658 | D:2      | Learned a level 2 spell: Call Imp
  1907 | D:2      | Reached XP level 4. HP: 27/27 MP: 8/10
  1979 | D:2      | Found Peixkige's Magic Scroll Emporium.
  1995 | D:2      | Bought a scroll of identify for 28 gold pieces
  2273 | D:2      | You pick up a book of Displacement and begin reading...
  2273 | D:2      | You add the spells Lesser Beckoning, Gell's Gravitas and
                  | Teleport Other to your library.
  2331 | D:2      | Noticed Sigmund
  2352 | D:2      | Killed Sigmund
  2353 | D:2      | Reached skill level 5 in Spellcasting
  2353 | D:2      | Reached skill level 4 in Conjurations
  2353 | D:2      | Reached XP level 5. HP: 27/31 MP: 7/12
  2353 | D:2      | Reached XP level 6. HP: 31/36 MP: 7/13
  2912 | D:3      | Noticed Natasha
  2933 | D:3      | Killed Natasha
  2987 | D:3      | Noticed Robin
  3083 | D:2      | Killed Robin
  3356 | D:3      | Noticed Natasha
  3358 | D:3      | Found a radiant altar of Vehumet.
  3362 | D:3      | Killed Natasha
  3436 | D:3      | Found a sacrificial altar of Ru.
  3539 | D:3      | Noticed Terence
  3557 | D:3      | Noticed Natasha
  3722 | D:3      | Killed Natasha
  3723 | D:3      | Reached skill level 5 in Conjurations
  3776 | D:3      | You pick up a book of Burglary and begin reading...
  3776 | D:3      | You add the spells Passwall, Ensorcelled Hibernation and
                  | Swiftness to your library.
  3784 | D:3      | Learned a level 2 spell: Ensorcelled Hibernation
  3872 | D:3      | HP: 1/36 [Terence/+4 short sword of distortion (19)]
  4287 | D:3      | Slain by Terence

Vanquished Creatures
  Sigmund (D:2)
  Natasha (twice) (D:3)
  Robin (D:2)
  A gnoll (D:2)
  3 adders
  A worm (D:3)
  2 dart slugs
  4 endoplasms
  3 giant cockroaches
  13 goblins
  9 hobgoblins
  6 jackals (D:1)
  3 quokkas (D:1)
  3 ball pythons
  3 bats
  2 frilled lizards (D:2)
  10 kobolds
  3 rats
70 creatures vanquished.

Vanquished Creatures (collateral kills)
  Natasha (D:3)
  3 gnolls (D:2)
  2 worms (D:2)
  A ball python (D:2)
  A goblin (D:2)
8 creatures vanquished.

Grand Total: 78 creatures vanquished

Table legend:
 A = Non-vault XP
 B = Vault XP
 C = Vault XP percentage of total XP
 D = Non-vault monster count
 E = Vault monster count
 F = Vault count percentage of total count
                 A         B        C        D         E       F
            +---------+---------+-------+---------+---------+-------
      Total |     277 |     295 |  51.6 |      65 |      13 |  16.7
            +---------+---------+-------+---------+---------+-------
        D:1 |      54 |       0 |   0.0 |      29 |       0 |   0.0
        D:2 |     116 |     243 |  67.7 |      21 |       3 |  12.5
        D:3 |     107 |      52 |  32.7 |      15 |      10 |  40.0
            +---------+---------+-------+---------+---------+-------

Illustrated notes

Table legend:
 A = Kills in this place as a percentage of kills in entire the game.
 B = Kills by you in this place as a percentage of kills by you in the entire game.
 C = Kills by friends in this place as a percentage of kills by friends in the entire game.
 D = Other kills in this place as a percentage of other kills in the entire game.
 E = Experience gained in this place as a percentage of experience gained in the entire game.
 F = Experience gained in this place divided by the number of levels of this place that you have seen.
                   A       B       C       D       E      F
               +-------+-------+-------+-------+-------+----------------------
         Total | 100.0 | 100.0 | 100.0 |   N/A | 100.0 | 190.7
       Dungeon | 100.0 | 100.0 | 100.0 |   N/A | 100.0 | 190.7
               +-------+-------+-------+-------+-------+----------------------

Table legend: (Time is in decaauts)
 A = Elapsed time spent in this place.
 B = Non-inter-level travel time spent in this place.
 C = Inter-level travel time spent in this place.
 D = Time resting spent in this place.
 E = Time spent auto-exploring this place.
 F = Levels seen in this place.
 G = Mean time per level.
                   A        B        C        D        E       F      G
               +--------+--------+--------+--------+--------+-----+--------+
         Total |   4289 |   4160 |    129 |    725 |   2673 |   3 | 1429.7 |
       Dungeon |   4289 |   4160 |    129 |    725 |   2673 |   3 | 1429.7 |
               +--------+--------+--------+--------+--------+-----+--------+

Top non-repeatable levels by time:
     D:1: 1595 daAuts
     D:2: 1467 daAuts
     D:3: 1226 daAuts
